 Dungeon Crawl Stone Soup version 0.29-a0-468-ge57f7f99b4 (webtiles) character file.

Game seed: 7786000621021869556

5251 xian the Destroyer (level 10, -19/78 HPs)
             Began as a Green Draconian Conjurer on May 21, 2022.
             Was a Priest of Sif Muna.
             Demolished by an ice devil (23 damage)
             ... on level 1 of the Lair of Beasts.
             The game lasted 00:36:39 (9575 turns).

xian the Destroyer (Green Draconian Conjurer)       Turns: 9575, Time: 00:36:40

Health: -19/78     AC:  9    Str: 10    XL:     10   Next: 36%
Magic:  6/21       EV: 11    Int: 29    God:    Sif Muna [***...]
Gold:   385        SH:  8    Dex:  9    Spells: 16/23 levels left

rFire   + . .      SeeInvis +   f - +10 hand axe "Nify" {venom, rF+ rN+ Will+ SInv}
rCold   . . .      Faith    .   b - +0 kite shield
rNeg    + . .      Spirit   .   (body armour unavailable)
rPois   +          Reflect  .   (helmet restricted)
rElec   .          Harm     .   (no cloak)
rCorr   .          Rampage  .   A - +0 pair of gloves
Will    +....                   j - +0 pair of boots
Stlth   ++........              (no amulet)
HPRegen 0.23/turn               y - +6 ring of intelligence
MPRegen 0.17/turn               (no ring)

@: short of breath, hasted and slowed
A: breathe noxious fumes, AC +7, unfitting armour, poison resistance,
cold-blooded
a: Breathe Noxious Fumes, Renounce Religion, Channel Magic, Forget Spell


You were on level 1 of the Lair of Beasts.
You worshipped Sif Muna.
Sif Muna was most pleased with you.
You visited 2 branches of the dungeon, and saw 9 of its levels.

You collected 415 gold pieces.
You spent 30 gold pieces at shops.

Inventory:

Hand Weapons
 f - the +10 hand axe "Nify" (weapon) {venom, rF+ rN+ Will+ SInv}
   (You found it on level 3 of the Dungeon)

   It poisons the flesh of those it strikes.
   rF:        It protects you from fire.
   rN:        It protects you from negative energy.
   SInv:      It lets you see invisible.
   Will:      It increases your willpower.
 n - the +7 Throatcutter {drain, coup de grace}
   (You found it on level 3 of the Dungeon)

   A truly terrible weapon, it drains the life of any living foe it strikes.
   It may instantly kill foes which have little health.
Missiles
 r - a throwing net
Armour
 b - a +0 kite shield (worn)
 j - a +0 pair of boots (worn)
 A - a +0 pair of gloves (worn)
Magical Staves
 m - a staff of earth
 t - a staff of earth
Jewellery
 y - a +6 ring of intelligence (left hand)
Wands
 H - a wand of iceblast (8)
Scrolls
 c - 6 scrolls of teleportation
 e - 2 scrolls of amnesia
 h - a scroll of enchant weapon {unknown}
 i - 5 scrolls of poison
 k - 3 scrolls of immolation
 p - a scroll of magic mapping {unknown}
 q - 2 scrolls of vulnerability {unknown}
 w - a scroll of noise {unknown}
 z - a scroll of acquirement {unknown}
 B - 2 scrolls of enchant armour {unknown}
 C - a scroll of blinking {unknown}
 F - a scroll of torment {unknown}
 G - a scroll of identify
Potions
 a - a potion of magic
 d - a potion of cancellation {unknown}
 g - 2 potions of flight
 l - 3 potions of haste
 o - a potion of curing {unknown}
 s - 2 potions of invisibility
 u - 3 potions of resistance
 v - a potion of degeneration {unknown}
 x - a potion of attraction {unknown}
 D - a potion of brilliance {unknown}


   Skills:
 + Level 4.1 Fighting
 + Level 5.3 Axes
 + Level 0.5 Staves
 + Level 5.1 Dodging
 + Level 4.4 Stealth
 + Level 4.9 Shields
 + Level 7.4 Spellcasting
 + Level 8.8 Conjurations


You had 16 spell levels left.
You knew the following spells:

 Your Spells              Type           Power      Damage    Failure   Level
a - Magic Dart            Conj           100%       1d8       1%          1
b - Searing Ray           Conj           100%       2d8       1%          2
c - Iskenderun's Mystic   Conj/Tloc      36%        2d9       22%         4

Your spell library contained the following spells:

 Spells                   Type           Power      Damage    Failure   Level
 Dazzling Flash           Conj/Hex       72%        N/A       7%          3
 Stone Arrow              Conj/Erth      72%        3d11      7%          3
 Apportation              Tloc           20%        N/A       14%         1
 Necrotize                Necr           40%        1d6       14%         1
 Summon Small Mammal      Summ           40%        N/A       14%         1
 Flame Wave               Conj/Fire      36%        2d9       22%         4
 Fulminant Prism          Conj/Hex       18%        3d11      22%         4
 Petrify                  Tmut/Erth      10%        N/A       80%         4
 Alistair's Intoxication  Tmut/Pois      6%         N/A       98%         5
 Metabolic Englaciation   Hex/Ice        5%         N/A       98%         5
 Statue Form              Tmut/Erth      6%         N/A       100%        6
 Storm Form               Tmut/Air       5%         N/A       100%        7
 Lehudib's Crystal Spear  Conj/Erth      18%        10d5      100%        8
 Animate Armour           Summ/Erth      Unusable   N/A       N/A         4

Dungeon Overview and Level Annotations

Branches:
Dungeon (8/15)             Temple (0/1) D:4            Lair (1/6) D:8

Altars:
Cheibriados
Elyvilon
Fedhas
Hepliaklqana
Kikubaaqudgha
Makhleb
Okawaru
Sif Muna
Xom
Yredelemnul
The Shining One

Shops:
D:1 *   D:7 ?

Portals:
Ice
Cave: Lair:1


Innate Abilities, Weirdness & Mutations

You can breathe blasts of noxious fumes.
Your lurid green scales are hard. (AC +7)
You cannot fit into any form of body armour.
Your system is resistant to poisons. (rPois)
You are cold-blooded and may be slowed by cold attacks.


Message History

The mystic blast hits the yak!
The yak is moderately wounded.
The yak is knocked back by the mystic blast.
You hear a croak.
The yak gores you!
* * * LOW HITPOINT WARNING * * *
As you read the scroll labelled UPPILU HATHUMP, it crumbles to dust.
It is a scroll of amnesia.
Really abort (and waste the scroll)?
Okay, then.
Casting: Iskenderun's Mystic Blast (dangerous; 22% risk of failure)
Confirm with . or Enter, or press ? or * to list all spells.
You erupt in a blast of force!
The mystic blast hits the yak.
The yak is moderately wounded.
The yak is knocked back by the mystic blast.
The yak collides with the yak!
The yak is moderately wounded.
The yak is heavily wounded.
The mystic blast hits the yak.
The yak is moderately wounded.
The mystic blast hits the yak!
The yak is severely wounded.
The mystic blast hits the yak!
The yak is almost dead.
The yak is knocked back by the mystic blast.
The mystic blast hits the yak!
The yak is heavily wounded.
The yak is knocked back by the mystic blast.
The yak closely misses you.
Okay, then.
Your surroundings suddenly seem different. 2 ice devils come into view.
Found a potion of invisibility.
Found a frozen archway.
The helpless ice devil fails to defend itself.
You hit the ice devil.
The ice devil is poisoned.
The ice devil is lightly wounded.
The ice devil hits you.
* * * LOW HITPOINT WARNING * * *
The ice devil freezes you!!
You feel yourself slow down.
You die...

######
#..@.#
#.44.#
..!...∩#
+.##....#
# #....#
######


You could see 2 ice devils.

Vanquished Creatures
  Sigmund (D:6)
  3 wyverns (D:8)
  9 yaks
  2 steam dragons
  Menkaure (D:5)
  Duvessa (D:7)
  3 water moccasins
  2 sky beasts
  2 black bears
  2 ice beasts (D:6)
  3 ogres
  A centaur (D:6)
  3 phantoms
  4 kobold brigands
  2 bullfrogs (D:8)
  2 necrophages
  2 scorpions
  Dowan (D:7)
  4 killer bees (D:7)
  4 hounds
  A jelly (D:6)
  A gnoll shaman (D:8)
  2 iguanas
  3 orc wizards
  11 gnolls
  5 adders
  A shadow imp (D:8)
  4 white imps
  2 ufetubi (D:6)
  2 worms (D:3)
  2 dart slugs (D:1)
  27 orcs
  5 bats
  7 endoplasms
  2 giant cockroaches
  5 goblins
  8 hobgoblins
  3 jackals (D:2)
  19 kobolds
  4 quokkas (D:1)
  6 ball pythons
  2 frilled lizards
  4 rats
  A spectral orc (D:6)
179 creatures vanquished.

Vanquished Creatures (others)
  A fungus (D:1)
  11 plants
12 creatures vanquished.

Grand Total: 191 creatures vanquished

Notes
Turn   | Place    | Note
-------+----------+-------------------------------------------
     0 | D:1      | xian the Draconian Conjurer began the quest for the Orb.
     0 | D:1      | Reached XP level 1. HP: 14/14 MP: 3/3
   312 | D:1      | Reached XP level 2. HP: 13/20 MP: 1/5
   749 | D:1      | Got the Almanac of Shifting Fire
   753 | D:1      | Learned a level 2 spell: Searing Ray
  1018 | D:1      | Reached XP level 3. HP: 26/26 MP: 2/6
  1242 | D:1      | Found a faded altar of an unknown god.
  1601 | D:1      | Found Uvabyi's Assorted Antiques.
  2867 | D:3      | Found a shimmering blue altar of Sif Muna.
  2899 | D:3      | Became a worshipper of Sif Muna the Loreminder
  2947 | D:3      | Identified the +10 hand axe "Nify" {venom, rF+ rN+ Will+
                  | SInv}
  2967 | D:3      | HP: 1/26 [poisoned by an adder]
  3014 | D:3      | Reached XP level 4. HP: 30/33 MP: 5/8
  3476 | D:3      | Found an ancient bone altar of Kikubaaqudgha.
  3535 | D:3      | Found a blossoming altar of Fedhas.
  3537 | D:3      | Reached skill level 5 in Conjurations
  3545 | D:3      | Reached skill level 1 in Shields
  3545 | D:3      | Reached XP level 5. HP: 32/39 MP: 2/9
  3851 | D:3      | Found the +7 Throatcutter {drain, coup de grace}
  3862 | D:3      | Reached skill level 1 in Axes
  3883 | D:3      | Reached * piety under Sif Muna
  3888 | D:3      | Reached skill level 1 in Fighting
  3888 | D:3      | Reached XP level 6. HP: 16/47 MP: 1/10
  4334 | D:4      | Found a staircase to the Ecumenical Temple.
  4591 | D:4      | Your scales start taking on a lurid green colour.
  4591 | D:4      | Reached XP level 7. HP: 49/52 MP: 4/12
  4591 | D:4      | Gained mutation: Your system is resistant to poisons.
                  | (rPois) [Green Draconian growth]
  4729 | D:4      | Learned a level 4 spell: Iskenderun's Mystic Blast
  4744 | D:5      | Entered Level 5 of the Dungeon
  4752 | D:5      | Found a basalt altar of Yredelemnul.
  5403 | D:5      | Noticed Menkaure
  5410 | D:5      | Killed Menkaure
  5411 | D:5      | Reached skill level 6 in Conjurations
  5541 | D:6      | Noticed Sigmund
  5554 | D:6      | Killed Sigmund
  5670 | D:6      | Reached XP level 8. HP: 41/61 MP: 3/15
  6108 | D:6      | Reached skill level 5 in Spellcasting
  6225 | D:6      | Found a hazy altar of Hepliaklqana.
  6227 | D:6      | Reached ** piety under Sif Muna
  6794 | D:7      | Found a white marble altar of Elyvilon.
  6842 | D:7      | Reached skill level 7 in Conjurations
  6855 | D:7      | Reached XP level 9. HP: 56/68 MP: 9/17
  7002 | D:7      | Found a glowing golden altar of the Shining One.
  7444 | D:7      | Noticed Duvessa
  7444 | D:7      | Noticed Dowan
  7449 | D:7      | Killed Dowan
  7457 | D:7      | Killed Duvessa
  7642 | D:7      | Found Arhekosm's Magic Scroll Boutique.
  7650 | D:7      | Bought a scroll of identify for 30 gold pieces
  7724 | D:7      | Found an iron altar of Okawaru.
  8439 | D:8      | Found a snail-covered altar of Cheibriados.
  8496 | D:8      | Found a shadowy altar of Dithmenos.
  8507 | D:8      | Found an iron altar of Okawaru.
  8507 | D:8      | Found a burning altar of Makhleb.
  8509 | D:8      | Found a stormy altar of Qazlal.
  8509 | D:8      | Found a sacrificial altar of Ru.
  8509 | D:8      | Found a shimmering altar of Xom.
  8767 | D:8      | Reached skill level 8 in Conjurations
  9278 | D:8      | Reached *** piety under Sif Muna
  9342 | D:8      | Reached XP level 10. HP: 77/77 MP: 14/20
  9346 | D:8      | Reached skill level 5 in Axes
  9348 | D:8      | Reached skill level 5 in Dodging
  9508 | D:8      | Found a staircase to the Lair.
  9549 | Lair:1   | Entered Level 1 of the Lair of Beasts
  9574 | Lair:1   | Found a frozen archway.
  9575 | Lair:1   | Demolished by an ice devil

Illustrated notes

Levels and vault maps discovered:
D:1:      dpeg_arrival_signposts, layout_basic,
          shapermc_ecumenical_altar_mp_urbaneastern, serial_shops, shop_statue
D:2:      layout_loops_ring, minmay_misc_feat_diagonals, minivault_5
D:3:      layout_basic, lemuel_tele_altar, fedhas_ov_isle_minmay,
          amcnicky_altar_gilded, hangedman_decor_opposing,
          dilly_guarded_unrand_throatcut
D:4:      layout_cave_pools, minmay_temple_entry_sparse_star
D:5:      layout_basic, old_standard_altar, uniq_menkaure
D:6:      minmay_chambers_of_threes, layout_cave_pools,
          nicolae_hepliaklqana_monster_ancestors, uniq_sigmund
D:7:      cheibrodos_iron_armory, layout_basic,
          mainiacjoe_overflow_surrounded_room, nicolae_tso_swordbearing_angel,
          elyvilon_altar_3, interstate_on_off, nicolae_stop_n_shop_2,
          chequers_jeans, kennysheep_generic_room_11, uniq_duvessa
D:8:      layout_basic, doesnt_xom_only_xom, mainiacjoe_overflow_catwalk,
          minmay_lair_entry_grove, ebering_ghost_disaster_area, serial_shops,
          shop
Lair:1:   layout_big_grid, portal_ice_cave_demonic_guard, st_stairs_4,
          kennysheep_snail_temple, grunt_megastairs_2, lemuel_fruit_fields

Skill      XL: |  1  2  3  4  5  6  7  8  9 10 |
---------------+-------------------------------+-----
Stealth        | 2 3 4 |  4.4
Dodging        | 2 3 4 5 |  5.1
Conjurations   | 5 6 7 8 |  8.8
Shields        | 1 2 3 4 |  4.9
Axes           | 1 2 3 4 5 |  5.3
Spellcasting   | 3 4 5 6 7 |  7.4
Fighting       | 1 2 3 4 |  4.1
Staves         | |  0.5

Action                   |  1- 3 |  4- 6 |  7- 9 | 10-12 || total
-------------------------+-------+-------+-------+-------++-------
Melee: Unarmed           |    12 |       |       |       ||    12
       Dagger            |    19 |       |       |       ||    19
       Tailslap          |     5 |     5 |     1 |     3 ||    14
       Staff             |     8 |       |       |       ||     8
       Hand axe          |     2 |    18 |    45 |    14 ||    79
 Cast: Magic Dart        |   103 |    37 |    99 |       ||   239
       Searing Ray       |       |     8 |    32 |     5 ||    45
       Iskenderun's Myst |       |       |       |     2 ||     2
 Abil: Breathe Noxious F |       |       |    28 |     1 ||    29
  Use: Potion            |     3 |       |       |     2 ||     5
       Scroll            |       |       |     4 |     2 ||     6
 Stab: Confused          |       |       |     2 |       ||     2
       Sleeping          |       |       |       |     1 ||     1
Armor: Skin              |    14 |     6 |    42 |     6 ||    68
Dodge: Dodged            |    26 |    14 |    71 |    18 ||   129
Block: Kite shield       |    14 |    12 |    65 |    13 ||   104

Table legend: (Time is in decaauts)
 A = Elapsed time spent in this place.
 B = Non-inter-level travel time spent in this place.
 C = Inter-level travel time spent in this place.
 D = Time resting spent in this place.
 E = Time spent auto-exploring this place.
 F = Levels seen in this place.
 G = Mean time per level.
                   A        B        C        D        E       F      G
               +--------+--------+--------+--------+--------+-----+--------+
         Total |   9609 |   9329 |    280 |    221 |   7538 |   9 | 1067.7 |
       Dungeon |   9585 |   9305 |    280 |    221 |   7538 |   8 | 1198.1 |
          Lair |     24 |     24 |      0 |      0 |      0 |   1 |   24.0 |
               +--------+--------+--------+--------+--------+-----+--------+

Top non-repeatable levels by time:
     D:1: 1743 daAuts
     D:8: 1500 daAuts
     D:3: 1431 daAuts
     D:7: 1289 daAuts
     D:6: 1243 daAuts
     D:2: 1005 daAuts
     D:5: 791 daAuts
     D:4: 579 daAuts
  Lair:1: 24 daAuts
